 Dungeon Crawl Stone Soup version 0.29-a0-334-gb41bcbb86e (webtiles) character file.

Game seed: 11503431645677579146

11796 croobank the Skirmisher (level 11, -4/92 HPs)
             Began as a Minotaur Fire Elementalist on Apr 14, 2022.
             Was an Initiate of Gozag.
             Slain by Snorg (17 damage)
             ... on level 2 of the Lair of Beasts.
             The game lasted 01:08:28 (14433 turns).

croobank the Skirmisher (MiFE)                     Turns: 14433, Time: 01:08:28

Health: -4/92      AC:  9    Str: 13    XL:     11   Next: 54%
Magic:  7/19       EV: 11    Int: 26    God:    Gozag
Gold:   311        SH:  4    Dex: 11    Spells: 4/22 levels left

rFire   . . .      SeeInvis .   U - +8 morningstar (freeze)
rCold   . . .      Faith    .   E - +1 buckler {reflect}
rNeg    . . .      Spirit   .   H - +1 robe of Eternity {rElec Int+4}
rPois   +          Reflect  +   D - +2 hat
rElec   +          Harm     .   m - +0 cloak
rCorr   .          Rampage  .   h - +0 pair of gloves
Will    .....                   T - +1 pair of boots
Stlth   ++........              (no amulet)
HPRegen 0.25/turn               x - +6 ring of intelligence
MPRegen 0.16/turn               A - ring of poison resistance

@: very slightly contaminated, hasted, very quick
A: horns 2, retaliatory headbutt
a: Renounce Religion, Potion Petition, Call Merchant, Bribe Branch


You were on level 2 of the Lair of Beasts.
You worshipped Gozag.
Gozag was aware of your devotion.
You visited 3 branches of the dungeon, and saw 13 of its levels.

You collected 704 gold pieces.
You spent 246 gold pieces at shops.
You paid 147 gold pieces to Gozag.

Inventory:

Hand Weapons
 b - a +0 vampiric whip
 g - a +1 war axe
 r - a +3 short sword of venom
 N - a +0 hand crossbow
 U - a +8 morningstar of freezing (weapon)
Missiles
 d - 5 poisoned darts
 i - 275 stones
 O - 5 curare-tipped darts
 S - 2 throwing nets (quivered)
Armour
 h - a +0 pair of gloves (worn)
 l - the +0 plate armour "Regink" {rF++ Str-4 Int+4 Dex+4}
   (You found it on level 6 of the Dungeon)

   Str:       It affects your strength (-4).
   Int:       It affects your intelligence (+4).
   Dex:       It affects your dexterity (+4).
   rF:        It greatly protects you from fire.
 m - a +0 cloak (worn)
 w - a +0 leather armour of fire resistance
 B - a +0 ring mail
 D - a +2 hat (worn)
 E - a +1 buckler of reflection (worn)
 H - the +1 robe of Eternity (worn) {rElec Int+4}
   (You found it on level 5 of the Dungeon)

   Int:       It affects your intelligence (+4).
   rElec:     It insulates you from electricity.
 T - a +1 pair of boots (worn)
Magical Staves
 v - a staff of conjuration
 G - a staff of fire
 J - a staff of air
Jewellery
 c - a ring of magical power
 e - a ring of protection from fire
 j - a ring of flight
 p - a ring of fire
 x - a +6 ring of intelligence (left hand)
 A - a ring of poison resistance (right hand)
 V - an amulet of regeneration
Wands
 k - a wand of paralysis (3)
 q - a wand of flame (8)
 z - a wand of digging (3)
 L - a wand of iceblast (10)
 Q - a wand of acid (9)
 R - a wand of polymorph (8)
Scrolls
 a - 2 scrolls of magic mapping
 n - 6 scrolls of fog
 s - 7 scrolls of teleportation
 t - 2 scrolls of immolation
 y - 2 scrolls of enchant armour {unknown}
 C - a scroll of torment
Potions
 f - 2 potions of brilliance
 o - a potion of mutation
 K - a potion of cancellation
 M - a potion of resistance {unknown}
 P - a potion of might {unknown}
 W - 2 potions of lignification
 X - 2 potions of haste
 Y - 2 potions of flight


   Skills:
 + Level 7.5 Fighting
 - Level 4.4 Short Blades
 - Level 1.7(4.7) Maces & Flails
 - Level 6.9(7.0) Staves
 - Level 2.1 Dodging
 - Level 1.5 Stealth
 + Level 6.3 Spellcasting
 - Level 0.6 Conjurations
 + Level 7.1 Fire Magic
 + Level 6.0 Ice Magic
 * Level 4.0 Poison Magic


You had 4 spell levels left.
You knew the following spells:

 Your Spells              Type           Power      Damage    Failure   Level
a - Foxfire               Conj/Fire      100%       2x1d9     1%          1
b - Scorch                Fire           90%        2d9       1%          2
c - Sandblast             Erth           16%        2d6       10%         1
d - Sting                 Tmut/Pois      72%        1d6       4%          1
e - Poisonous Vapours     Pois/Air       36%        N/A       6%          2
f - Frozen Ramparts       Ice            78%        1d9       2%          3
g - Flame Wave            Conj/Fire      28%        2d8       19%         4
h - Olgreb's Toxic Radia  Pois           29%        N/A       17%         4

Your spell library contained the following spells:

 Spells                   Type           Power      Damage    Failure   Level
 Freeze                   Ice            100%       1d11      1%          1
 Conjure Flame            Conj/Fire      28%        6-21      5%          3
 Inner Flame              Hex/Fire       26%        N/A       6%          3
 Magic Dart               Conj           44%        1d5       7%          1
 Shock                    Conj/Air       36%        1d5       9%          1
 Searing Ray              Conj           22%        2d5       11%         2
 Blink                    Tloc           16%        N/A       14%         2
 Passwall                 Tmut/Erth      6%         N/A       14%         2
 Stone Arrow              Conj/Erth      18%        3d8       24%         3
 Hailstorm                Conj/Ice       25%        3d7       24%         4
 Ice Form                 Ice/Tmut       23%        N/A       26%         4
 Summon Ice Beast         Ice/Summ       23%        N/A       26%         4
 Summon Guardian Golem    Hex/Summ       8%         N/A       28%         3
 Tukima's Dance           Hex            8%         N/A       28%         3
 Fulminant Prism          Conj/Hex       4%         3d6       63%         4
 Passage of Golubria      Tloc           8%         N/A       67%         4
 Manifold Assault         Tloc           8%         N/A       95%         5
 Summon Mana Viper        Hex/Summ       8%         N/A       95%         5
 Yara's Violent Unravell  Hex/Tmut       4%         3d4       95%         5
 Monstrous Menagerie      Summ           4%         N/A       100%        7
 Orb of Destruction       Conj           5%         9d5       100%        7
 Spellforged Servitor     Conj/Summ      4%         N/A       100%        7
 Storm Form               Tmut/Air       4%         N/A       100%        7


Dungeon Overview and Level Annotations

Branches:
Dungeon (9/15)             Temple (1/1) D:7            Lair (3/6) D:8
    Orc (0/2) D:9
  Swamp: Lair:2-4    Shoals: Lair:2-4     Snake: Lair:2-4    Spider: Lair:2-4

Altars:
Ashenzari
Cheibriados
Dithmenos
Elyvilon
Fedhas
Gozag
Hepliaklqana
Kikubaaqudgha
Makhleb
Nemelex Xobeh
Okawaru
Qazlal
Ru
Sif Muna
Trog
Uskayaw
Vehumet
Wu Jian
Yredelemnul
Zin
The Shining One

Shops:
D:1 *   D:3 =*[(   D:5 [   D:6 [

Annotations:
Lair:2 Snorg


Innate Abilities, Weirdness & Mutations

You have a pair of horns on your head.
You reflexively headbutt those who attack you in melee.


Message History

The foxfire hits Snorg.
Snorg is burned terribly!
Snorg is moderately wounded.
A rime drake comes into view.
Casting: Scorch (safe; 1% risk of failure)
Confirm with . or Enter, or press ? or * to list all spells.
Flames lash Snorg.
Snorg is burned terribly!
Snorg is moderately wounded.
Snorg goes berserk!
You hear a croak.
There is a stone staircase leading up here.
Casting: Scorch (safe; 1% risk of failure)
Confirm with . or Enter, or press ? or * to list all spells.
Casting: Flame Wave (dangerous; 19% risk of failure)
Press: ? - help, Dir - look around, f - activate
Okay, then.
Snorg bites you! Snorg claws you but does no damage. Snorg claws you!
The cane toad stings you. Snorg bites you!! Snorg barely misses you.
Snorg claws you but does no damage.
You climb upwards.
There is a stone staircase leading down here.
Casting: Flame Wave (dangerous; 19% risk of failure)
Confirm with . or Enter, or press ? or * to list all spells.
Casting: Flame Wave (dangerous; 19% risk of failure)
Press: ? - help, Dir - look around, f - activate You miscast Flame Wave.
You are very lightly contaminated with residual magic.
There is a sudden and violent explosion of flames!
The cane toad barely misses you. Snorg barely misses you. Snorg misses you.
Snorg claws you. The cane toad stings you! Snorg bites you!
* * * LOW HITPOINT WARNING * * *
Snorg claws you.
* * * LOW HITPOINT WARNING * * *
Snorg closely misses you.
Okay, then.
Okay, then.
You feel yourself speed up. Snorg bites you!
* * * LOW HITPOINT WARNING * * *
Snorg claws you!
You die...
Your body crumbles into a pile of gold.

######## #.....####### ########
###.#.#..###.....##.#..###..##P##
.................................
.................................
.................................
...............##................
.............#..8.##.............
#######.#.#..#...F.##.##.#####..#
###..#.#8.@.8####### ####
###..#...T.# ##.#....##
#..###'..## ##.##......#
#.##...8...## # # ##..........##
## ## ###..8..<..8..## #####. .##
#..............#####.##P.


You could see Snorg (berserk, very poisoned, combustible) and a cane toad.

Vanquished Creatures
  A two-headed ogre (D:9)
  2 black mambas
  4 cane toads
  3 komodo dragons
  2 rime drakes
  A polar bear (Lair:2)
  Grinder (D:5)
  A hornet (D:8)
  9 blink frogs (Lair:2)
  Sigmund (D:2)
  A wyvern (D:9)
  7 yaks
  An acid dragon (D:9)
  3 water moccasins
  3 orc warriors (D:9)
  An ice beast (D:7)
  A sky beast (D:5)
  4 black bears
  9 wolves
  2 ogres
  2 centaurs (D:7)
  A kobold brigand (D:6)
  9 bullfrogs
  A necrophage (D:6)
  A gnoll sergeant (D:8)
  5 scorpions
  3 wights (D:8)
  3 killer bees (D:8)
  4 hounds
  A jelly (D:4)
  2 gnoll shamans
  3 orc priests
  Jessica (D:2)
  2 iguanas (D:5)
  9 orc wizards
  15 gnolls
  6 adders
  A shadow imp (D:5)
  2 white imps
  2 worms
  2 dart slugs
  21 orcs
  9 ball pythons
  4 endoplasms (D:1)
  3 giant cockroaches (D:1)
  8 goblins
  4 hobgoblins
  4 jackals (D:3)
  5 kobolds
  2 quokkas
  A bat (D:3)
  4 rats
197 creatures vanquished.

Vanquished Creatures (collateral kills)
  A foxfire (Lair:1)
1 creature vanquished.

Vanquished Creatures (others)
  283 foxfires
  16 fungi
  44 plants
343 creatures vanquished.

Grand Total: 541 creatures vanquished

Notes
Turn   | Place    | Note
-------+----------+-------------------------------------------
     0 | D:1      | croobank the Minotaur Fire Elementalist began the quest for
                  | the Orb.
     0 | D:1      | Reached XP level 1. HP: 14/14 MP: 1/1
    42 | D:1      | Reached skill level 1 in Fighting
   365 | D:1      | Reached XP level 2. HP: 24/24 MP: 0/3
   460 | D:1      | Learned a level 2 spell: Scorch
   737 | D:1      | Reached skill level 1 in Maces & Flails
  1094 | D:1      | Found Umageh's Assorted Antiques.
  1100 | D:1      | Reached XP level 3. HP: 30/30 MP: 2/4
  1123 | D:1      | Bought a scroll labelled BENLIGR ODEC for 19 gold pieces
  1279 | D:2      | Noticed Jessica
  1285 | D:2      | Killed Jessica
  1672 | D:2      | Learned a level 1 spell: Sandblast
  1673 | D:2      | Noticed Sigmund
  1705 | D:2      | Reached XP level 4. HP: 34/37 MP: 0/5
  1778 | D:2      | Learned a level 1 spell: Sting
  2170 | D:3      | Found Keuhuely's General Store.
  2178 | D:3      | Bought a scroll of identify for 26 gold pieces
  2178 | D:3      | Bought a scroll of identify for 26 gold pieces
  2352 | D:3      | Found Marchobegh's Antique Armour Emporium.
  2428 | D:3      | Found a faded altar of an unknown god.
  2593 | D:3      | Found Guelemele's Antique Weapon Shoppe.
  2600 | D:3      | Reached XP level 5. HP: 42/42 MP: 1/6
  2705 | D:3      | Found Qopsit's Jewellery Boutique.
  2760 | D:3      | Found a hide-covered altar of Uskayaw.
  2828 | D:4      | Found a snail-covered altar of Cheibriados.
  3358 | D:4      | Found a shimmering blue altar of Sif Muna.
  3370 | D:4      | Reached skill level 1 in Staves
  3557 | D:4      | Noticed a black bear
  3560 | D:4      | Killed a black bear
  3561 | D:4      | Reached XP level 6. HP: 50/50 MP: 0/7
  3991 | D:4      | Got Sif Muna's Collected Works on Attacks
  4042 | D:5      | Entered Level 5 of the Dungeon
  4062 | D:5      | HP: 3/75 [iguana (8)]
  4367 | D:5      | Reached XP level 7. HP: 38/56 MP: 0/9
  4479 | D:5      | Learned a level 2 spell: Poisonous Vapours
  4621 | D:5      | Identified the +1 robe of Eternity {rElec Int+4}
  4653 | D:5      | Learned a level 3 spell: Frozen Ramparts
  4662 | D:5      | Noticed Grinder
  4686 | D:5      | Paralysed by Grinder for 3 turns
  4694 | D:5      | Killed Grinder
  4695 | D:5      | Reached skill level 1 in Ice Magic
  4799 | D:5      | Found Xoggios's Armour Shop.
  4826 | D:5      | Found a glowing golden altar of the Shining One.
  5046 | D:5      | Reached XP level 8. HP: 62/62 MP: 4/11
  5053 | D:5      | Reached skill level 5 in Staves
  5256 | D:2      | Killed Sigmund
  5672 | D:6      | Identified the +0 plate armour "Regink" {rF++ Str-4 Int+4
                  | Dex+4}
  5879 | D:6      | HP: 3/62 [poisoned by a water moccasin]
  5882 | D:6      | HP: 1/62 [poisoned by a water moccasin]
  6209 | D:6      | Found a broken altar of Ashenzari.
  6652 | D:6      | Found a blossoming altar of Fedhas.
  6884 | D:6      | Found Eqihur's Armour Emporium.
  6887 | D:6      | Bought a +1 buckler of reflection for 175 gold pieces
  7023 | D:6      | Reached XP level 9. HP: 68/68 MP: 9/14
  7436 | D:7      | Found a burning altar of Makhleb.
  7447 | D:6      | Learned a level 4 spell: Flame Wave
  7659 | D:6      | Reached skill level 5 in Fire Magic
  8314 | D:7      | Found a staircase to the Ecumenical Temple.
  8396 | Temple   | Entered the Ecumenical Temple
  9159 | D:8      | Found an ornate altar of the Wu Jian Council.
  9354 | D:8      | Noticed a komodo dragon
  9363 | D:8      | Killed a komodo dragon
  9457 | D:8      | Found a staircase to the Lair.
  9850 | D:8      | Reached skill level 5 in Spellcasting
  9925 | D:8      | Paralysed by a hornet for 1 turns
 10183 | D:8      | Reached XP level 10. HP: 39/80 MP: 0/16
 10497 | D:9      | Noticed a two-headed ogre
 10505 | D:9      | Killed a two-headed ogre
 10506 | D:9      | Reached skill level 5 in Fighting
 10821 | D:9      | Found a staircase to the Orcish Mines.
 11328 | Lair:1   | Entered Level 1 of the Lair of Beasts
 11346 | Lair:1   | Noticed a cane toad
 11346 | Lair:1   | Noticed a cane toad
 11348 | Lair:1   | Killed a cane toad
 11349 | Lair:1   | Reached skill level 5 in Ice Magic
 11353 | Lair:1   | Killed a cane toad
 11514 | Lair:1   | Learned a level 4 spell: Olgreb's Toxic Radiance
 11691 | Lair:1   | Noticed a black mamba
 11696 | Lair:1   | Noticed a cane toad
 11701 | Lair:1   | Killed a black mamba
 11702 | Lair:1   | Reached skill level 1 in Poison Magic
 11705 | Lair:1   | Killed a cane toad
 11885 | Temple   | Became a worshipper of Gozag Ym Sagoz the Greedy
 11990 | Lair:1   | Reached XP level 11. HP: 26/91 MP: 0/18
 12270 | Lair:1   | You fall into a shaft and drop 1 floor!
 12859 | Lair:2   | HP: 2/91 [blink frog (8)]
 12919 | Lair:2   | HP: 1/92 [blink frog (14)]
 14422 | Lair:3   | Noticed Snorg
 14433 | Lair:2   | Slain by Snorg

Illustrated notes

Levels and vault maps discovered:
D:1:      mainiacjoe_arrival_reflecting_pool, layout_rooms, serial_shops, shop
D:2:      layout_loops_ring, uniq_sigmund, uniq_jessica
D:3:      layout_rooms, mainiacjoe_overflow_surrounded_room, serial_shops,
          nicolae_shop_hallway_plus, nicolae_shop_trees, nicolae_diamond_shop,
          shop, hellmonk_ecumenical_altar_arch_garden
D:4:      layout_gridville, led_sif_book, general_overflow_altar
D:5:      layout_basic, nicolae_overflow_hidden_temple, serial_shops,
          nicolae_shop_hallway_stairs, uniq_grinder
D:6:      layout_gridville, mainiacjoe_overflow_chevrons,
          mainiacjoe_overflow_paths, serial_shops, nicolae_shop_behind_doors
D:7:      layout_cave_pools, mainiacjoe_overflow_tiny_flanked,
          minmay_temple_entry_waves
D:8:      layout_loops_ring, mainiacjoe_overflow_alcove_2, david_lair_shrubbed
D:9:      layout_long_grid, david_orc_1_choice, minmay_nine_imps
Temple:   cyrus_circular_temple
Lair:1:   layout_layer_cave, gauntlet_entry_generic, infiniplex_staircase_pool_2
Lair:2:   layout_hall_layers, st_stairs_6, grunt_megastairs_3
Lair:3:   layout_cave_pods, skrybe_swamp_entry_bodies, portal_ice_cave_rime,
          lemuel_fruit_fields, serial_bayou_shore_b, grunt_megastairs_1,
          infiniplex_staircase_pool, lemuel_fruit_tree, uniq_snorg

Skill      XL: |  1  2  3  4  5  6  7  8  9 10 11 |
---------------+----------------------------------+-----
Fighting       | 2 4 6 7 |  7.5
Maces & Flails | 1 |  1.7
Short Blades   | 2 4 |  4.4
Staves         | 2 3 4 6 |  6.9
Spellcasting   | 2 3 4 5 6 |  6.3
Fire Magic     | 3 4 5 6 7 |  7.1
Ice Magic      | 1 2 4 5 6 |  6.0
Poison Magic   | 2 4 |  4.0
Dodging        | |  2.1
Stealth        | |  1.5
Conjurations   | |  0.6

Action                   |  1- 3 |  4- 6 |  7- 9 | 10-12 || total
-------------------------+-------+-------+-------+-------++-------
Melee: Unarmed           |    16 |       |       |       ||    16
       Whip              |     6 |       |       |       ||     6
       Headbutt          |     1 |     1 |    11 |     7 ||    20
       Club              |     1 |       |       |       ||     1
       Short sword       |     3 |    23 |    57 |       ||    83
       Staff             |       |    18 |     5 |       ||    23
       Punch             |       |       |     2 |       ||     2
       Morningstar       |       |       |    14 |    33 ||    47
Throw: Dart              |     2 |       |     1 |       ||     3
       Throwing net      |       |       |       |     1 ||     1
 Cast: Foxfire           |    35 |    43 |    54 |    34 ||   166
       Scorch            |     7 |    25 |    98 |    85 ||   215
       Frozen Ramparts   |       |       |     1 |     6 ||     7
       Sting             |       |       |     1 |       ||     1
       Flame Wave        |       |       |     4 |     4 ||     8
       Poisonous Vapours |       |       |       |     3 ||     3
Evoke: Wand              |       |       |     3 |     7 ||    10
  Use: Scroll            |     4 |     3 |     8 |    10 ||    25
       Potion            |       |     4 |     3 |     4 ||    11
 Stab: Sleeping          |       |     1 |       |       ||     1
Armor: Robe              |     4 |       |    27 |    38 ||    69
       Leather armour    |       |    11 |       |       ||    11
       Skin              |       |     7 |       |       ||     7
       Plate armour      |       |       |    52 |       ||    52
Dodge: Dodged            |    22 |    28 |    55 |    58 ||   163
Block: Buckler           |       |       |    12 |    21 ||    33
       Reflection        |       |       |     5 |       ||     5

Table legend: (Time is in decaauts)
 A = Elapsed time spent in this place.
 B = Non-inter-level travel time spent in this place.
 C = Inter-level travel time spent in this place.
 D = Time resting spent in this place.
 E = Time spent auto-exploring this place.
 F = Levels seen in this place.
 G = Mean time per level.
                   A        B        C        D        E       F      G
               +--------+--------+--------+--------+--------+-----+--------+
         Total |  14459 |  13853 |    606 |   4255 |   6990 |  13 | 1112.2 |
       Dungeon |  11351 |  10819 |    532 |   2789 |   5822 |   9 | 1261.2 |
        Temple |     88 |     63 |     25 |      0 |     35 |   1 |   88.0 |
          Lair |   3019 |   2970 |     49 |   1466 |   1133 |   3 | 1006.3 |
               +--------+--------+--------+--------+--------+-----+--------+

Top non-repeatable levels by time:
     D:6: 2671 daAuts
  Lair:2: 2161 daAuts
     D:8: 1525 daAuts
     D:5: 1361 daAuts
     D:4: 1252 daAuts
     D:1: 1220 daAuts
     D:2: 987 daAuts
  Lair:1: 848 daAuts
     D:9: 844 daAuts
     D:3: 759 daAuts
     D:7: 728 daAuts
  Temple: 88 daAuts
  Lair:3: 9 daAuts
